Map: Deathaura LE

Players

TeebuL

  • Race: Protoss Protoss
  • Spawn Location: 5:00

BlysK - Winner!

  • Race: Protoss Protoss
  • League: Master
  • Spawn Location: 11:00

Event: DreamHack SC2 Masters 2020 Winter

VOD

Have the link to the VOD?

Description

Time

  • Played on: Oct. 18, 2020, 6:24 a.m.
  • Length: 10:36

All games in this series

Show
View Real Time Build Order
Export as new Build Order

TeebuL Protoss 

Build Orders: Blink Stalkers, Dark Templar Rush 

Get SALT Encoding   

  12  0:00  Probe  
  13  0:12  Probe  
  14  0:16  Pylon  
  14  0:24  Probe (Chrono Boost)  
  16  0:36  Probe (Chrono Boost)  
  16  0:37  Gateway  
  16  0:42  Probe (Chrono Boost)  
  16  0:47  Assimilator  
  17  0:51  Probe  
  17  0:53  Assimilator  
  18  1:03  Probe (Chrono Boost)  
  19  1:07  Gateway  
  19  1:15  Probe (Chrono Boost)  
  20  1:21  Probe (Chrono Boost)  
  21  1:25  Cybernetics Core  
  21  1:29  Probe  
  22  1:34  Pylon  
  22  1:43  Probe  
  24  2:02  Stalker x2, Warp Gate  
  24  2:06  Pylon  
  24  2:07  Probe  
  28  2:26  Stargate  
  28  2:32  Stalker  
  29  2:37  Probe  
  30  2:46  Shield Battery  
  30  3:03  Nexus  
  30  3:08  Probe  
  30  3:10  Twilight Council  
  31  3:20  Probe  
  31  3:23  Shield Battery  
  32  3:32  Probe (Chrono Boost)  
  32  3:44  Probe (Chrono Boost)  
  32  3:47  Blink  
  30  3:52  Probe (Chrono Boost)  
  30  3:57  Dark Shrine  
  30  3:58  Probe (Chrono Boost)  
  31  4:02  Adept x2  
  36  4:10  Probe (Chrono Boost)  
  36  4:17  Probe (Chrono Boost)  
  36  4:20  Probe (Chrono Boost)  
  38  4:25  Robotics Facility  
  38  4:28  Probe (Chrono Boost)  
  39  4:32  Probe (Chrono Boost)  
  41  4:39  Probe (Chrono Boost)  
  41  4:40  Pylon  
  41  4:41  Probe (Chrono Boost)  
  41  4:44  Probe (Chrono Boost)  
  43  4:47  Probe  
  44  4:55  Probe  
  44  4:59  Probe  
  44  5:07  Probe  
  44  5:10  Shield Battery  
  44  5:11  Probe (Chrono Boost)  
  41  5:14  Stalker x2  
  41  5:16  Observer  
  41  5:20  Probe (Chrono Boost)  
  46  5:23  Probe (Chrono Boost)  
  47  5:30  Probe (Chrono Boost)  
  47  5:31  Probe (Chrono Boost)  
  47  5:34  Forge, Gateway  
  47  5:35  Probe (Chrono Boost)  
  49  5:38  Probe  
  49  5:40  Observer  
  52  5:46  Probe  
  53  5:50  Probe  
  54  5:57  Assimilator, Gateway  
  54  5:58  Probe  
  54  6:02  Probe  
  56  6:07  Stalker  
  56  6:08  Sentry  
  62  6:11  Protoss Ground Weapons Level 1  
  62  6:21  Pylon  
  62  6:22  Pylon  
  60  6:39  Dark Templar x3, Probe  
  61  6:43  Probe  
  54  6:51  Probe  
  49  6:55  Dark Templar, Probe  
  50  7:02  Nexus  
  50  7:03  Probe  
  50  7:05  Immortal (Chrono Boost)  
  50  7:07  Probe  
  56  7:14  Stalker  
  58  7:19  Stalker  
  59  7:23  Probe  
  59  7:24  Probe  
  59  7:27  Stalker  
  61  7:34  Stalker  
  54  7:44  Probe x2 (Chrono Boost)  
  52  7:49  Observer  
  50  7:53  Probe x2 (Chrono Boost)  
  50  7:58  Probe x2 (Chrono Boost)  
  52  8:02  Immortal  
  52  8:04  Sentry  
  62  8:13  Probe x2 (Chrono Boost)  
  62  8:15  Probe (Chrono Boost)  
  63  8:25  Probe (Chrono Boost)  
  63  8:26  Probe x2 (Chrono Boost)  
  65  8:30  Probe (Chrono Boost)  
  65  8:31  Observer  
  66  8:34  Probe x2  
  66  8:40  Pylon  
  66  8:41  Probe  
  66  8:44  Robotics Bay  
  66  8:46  Probe x2  
  69  8:54  Probe  
  70  8:55  Stalker x2  
  70  8:58  Probe x2  
  70  8:59  Assimilator  
  70  9:00  Shield Battery  
  76  9:06  Observer, Probe  
  77  9:10  Pylon  
  77  9:14  Pylon  
  77  9:18  Probe  
  77  9:19  Probe  
  77  9:22  Probe  
  80  9:24  Photon Cannon  
  80  9:26  Stalker x2, Pylon  
  80  9:31  Disruptor (Chrono Boost)  
  84  9:35  Stalker  
  89  9:38  Probe  
  89  9:39  Photon Cannon  
  89  9:43  Photon Cannon  
  90  9:47  Dark Templar  
  92  9:54  Stalker  
  75  10:08  Stalker x2  
Show
View Real Time Build Order
Export as new Build Order

BlysK Protoss - Winner!

Build Orders: Blink Stalkers 

Get SALT Encoding   

  12  0:00  Probe  
  13  0:12  Probe  
  14  0:18  Pylon  
  14  0:24  Probe (Chrono Boost)  
  15  0:36  Probe (Chrono Boost)  
  15  0:37  Gateway  
  16  0:43  Assimilator  
  16  0:45  Probe (Chrono Boost)  
  17  0:52  Probe  
  17  0:55  Assimilator  
  18  1:04  Probe (Chrono Boost)  
  18  1:09  Gateway  
  19  1:17  Probe (Chrono Boost)  
  20  1:22  Probe (Chrono Boost)  
  20  1:24  Cybernetics Core  
  21  1:32  Probe  
  22  1:33  Pylon  
  22  1:44  Probe  
  23  1:56  Probe  
  23  1:57  Warp Gate (Chrono Boost)  
  23  2:00  Stalker x2  
  28  2:06  Pylon  
  28  2:30  Adept x2  
  32  2:45  Nexus  
  32  3:00  Stalker, Sentry  
  32  3:04  Pylon  
  36  3:09  Probe  
  36  3:19  Twilight Council  
  36  3:24  Shield Battery  
  36  3:32  Probe (Chrono Boost)  
  38  3:42  Probe (Chrono Boost)  
  38  3:45  Blink  
  38  3:47  Probe (Chrono Boost)  
  35  3:56  Sentry  
  35  3:59  Probe (Chrono Boost)  
  35  4:02  Phoenix, Probe (Chrono Boost)  
  39  4:06  Robotics Facility  
  39  4:07  Probe (Chrono Boost)  
  41  4:10  Probe (Chrono Boost)  
  41  4:13  Probe  
  42  4:21  Probe (Chrono Boost)  
  42  4:23  Adept x2  
  47  4:25  Probe (Chrono Boost)  
  48  4:35  Gateway  
  48  4:39  Shield Battery  
  48  4:44  Stalker  
  48  4:45  Stalker, Probe (Chrono Boost)  
  53  4:58  Probe  
  52  5:02  Warp Prism (Chrono Boost), Probe  
  53  5:10  Probe  
  53  5:14  Probe  
  53  5:18  Stalker  
  54  5:22  Probe  
  54  5:23  Pylon  
  54  5:26  Probe  
  54  5:29  Forge  
  54  5:31  Sentry  
  54  5:34  Observer (Chrono Boost), Probe  
  58  5:38  Probe  
  59  5:46  Stalker x2, Probe  
  64  5:52  Pylon  
  64  5:59  Assimilator  
  64  6:05  Protoss Ground Weapons Level 1 (Chrono Boost)  
  64  6:06  Stalker  
  64  6:09  Pylon  
  64  6:11  Stalker  
  70  6:12  Stalker  
  70  6:13  Probe  
  70  6:14  Probe  
  72  6:25  Probe  
  72  6:26  Probe  
  74  6:34  Stalker x2  
  74  6:38  Probe  
  75  6:40  Probe  
  75  6:43  Stalker  
  72  6:48  Observer (Chrono Boost)  
  72  6:50  Probe  
  72  6:57  Adept x2  
  72  6:59  Probe  
  72  7:01  Forge  
  76  7:07  Observer  
  77  7:10  Nexus  
  75  7:22  Probe  
  74  7:23  Stalker x2, Probe  
  74  7:26  Assimilator  
  74  7:28  Gateway  
  77  7:32  Gateway  
  77  7:34  Probe  
  77  7:35  Photon Cannon, Probe  
  73  7:39  Photon Cannon  
  73  7:44  Immortal (Chrono Boost)  
  67  7:46  Probe  
  67  7:47  Protoss Ground Armor Level 1 (Chrono Boost)  
  68  8:01  Photon Cannon  
  68  8:02  Charge  
  68  8:03  Gateway  
  68  8:08  Pylon  
  68  8:10  Stalker  
  70  8:14  Immortal (Chrono Boost)  
  74  8:26  Stalker x2  
  78  8:33  Photon Cannon  
  78  8:39  Photon Cannon  
  78  8:41  Shield Battery  
  78  8:43  Pylon, Sentry  
  80  8:50  Warp Prism (Chrono Boost)  
  82  9:06  Stalker x2  
  86  9:11  Stalker  
  88  9:17  Stalker x2  
  88  9:22  Observer (Chrono Boost)  
  93  9:26  Pylon  
  93  9:28  Stalker  
  93  9:29  Stalker  
  97  9:38  Assimilator  
  97  9:43  Robotics Bay  
  97  9:45  Stalker, Zealot x2  
  99  9:46  Zealot  
  101  10:01  Zealot x2  
  97  10:08  Zealot x2  
  97  10:09  Zealot x2  
Tags
 
Add a new tag
Caveats
  • Supply blocks, unpowered buildings, or Contaminate may cause inaccurate times.
  • Supply counts are checked every 10 seconds.